 Dungeon Crawl Stone Soup version 0.18-a0-1800-gdc7a371 (webtiles) character file.

124916 varam the Ninja (level 16, -1/86 HPs)
             Began as a Spriggan Enchanter on Apr 24, 2016.
             Was the Champion of Okawaru.
             Slain by an Ice Fiend (30 damage)
             ... in an ice cave on Apr 25, 2016.
             The game lasted 13:49:53 (38746 turns).

varam the Ninja (Spriggan Enchanter)               Turns: 38746, Time: 13:49:54

Health: -1/86      AC: 10    Str:  4    XL:     16   Next: 40%
Magic:  27/27      EV: 32    Int: 14    God:    Okawaru [******]
Gold:   2376       SH:  8    Dex: 21    Spells: 4 memorised, 20 levels left

rFire  . . .     SeeInvis +     b - +9 quick blade (elec)
rCold  . . .     Gourm    .     W - +2 animal skin
rNeg   + . .     Faith    +     A - +2 buckler {AC+3}
rPois  .         Spirit   .     J - +0 hat "Woubej" {rN+ Int-5 Stlth+}
rElec  .         Dismiss  .     e - +2 cloak {+Inv}
rCorr  .         Reflect  .     (gloves unavailable)
SustAt .         Harm     .     (boots unavailable)
MR     +++..                    t - amulet of faith
Stlth  ++++++++++               B - ring of wizardry
                                C - ring of protection from magic

@: very quick, extremely resistant to hostile enchantments, uncannily stealthy
A: unfitting armour, see invisible, herbivore 3, speed 3, slow metabolism 2
a: Heroism, Finesse, Renounce Religion, Evoke Invisibility


You were in an ice cave.
You worshipped Okawaru.
Okawaru was exalted by your worship.
You were not hungry.

You visited 4 branches of the dungeon, and saw 28 of its levels.
You also visited: Labyrinth, Ossuary and Ice Cave.

You collected 2518 gold pieces.
You spent 142 gold pieces at shops.

Inventory:

Hand Weapons
 b - a +9 quick blade of electrocution (weapon)
 v - a +4 greatsling of freezing
Armour
 e - a +2 cloak of invisibility (worn)
 y - the +4 robe of Augmentation {Str+4 Int+4 Dex+4}
   (You found it in an ice cave)

   It affects your strength (+4).
   It affects your intelligence (+4).
   It affects your dexterity (+4).
 A - a +2 buckler of protection (worn)
 J - the +0 hat "Woubej" (worn) {rN+ Int-5 Stlth+}
   (Okawaru gifted it to you in an ice cave)

   It affects your intelligence (-5).
   It protects you from negative energy.
   It makes you more stealthy.
 S - a +1 hat
 W - a +2 animal skin (worn)
Rods
 I - a +3 lightning rod (14/14)
   (You found it in an ice cave)
 P - a +3 iron rod (11/11)
   (You found it on level 11 of the Dungeon)
Jewellery
 t - an amulet of faith (around neck)
 B - a ring of wizardry (right hand)
 C - a ring of protection from magic (left hand)
 R - an uncursed ring of protection from magic
Wands
 f - a wand of iceblast (2/15)
 p - a wand of hasting (8/9)
 r - a wand of iceblast (6/15)
 D - a wand of paralysis (7/24)
 E - a wand of digging (13/24)
 Q - a wand of acid (2/15)
 V - a wand of lightning (6/15)
Scrolls
 c - a scroll of fear
 d - 3 scrolls of enchant weapon
 h - a scroll of noise {unknown}
 j - 2 scrolls of amnesia
 m - 2 scrolls of blinking
 q - 3 scrolls of magic mapping
 u - 4 scrolls of remove curse
 w - 7 scrolls of teleportation
Potions
 a - 4 potions of agility
 g - 13 potions of curing
 l - 2 potions of magic {unknown}
 n - 3 potions of brilliance
 o - a potion of heal wounds
 z - a potion of mutation
 H - 3 potions of haste
 N - a potion of invisibility
Books
 x - a book of Callings

   Spells                             Type                      Level
   a - Summon Small Mammal            Summoning                    1
   b - Call Imp                       Summoning                    2
   c - Call Canine Familiar           Summoning                    3
   d - Summon Guardian Golem          Hexes/Summoning              3
   e - Summon Lightning Spire         Summoning/Air                4
   f - Summon Ice Beast               Ice/Summoning                4
Miscellaneous
 i - a phial of floods
 s - a sack of spiders
 F - a sack of spiders {used: 1}
 Y - a disc of storms
Comestibles
 k - 8 bread rations


   Skills:
 - Level 10.3 Fighting
 - Level 10.1 Short Blades
 - Level 14.0 Dodging
 O Level 27 Stealth
 - Level 7.3 Spellcasting
 - Level 10.5 Hexes
 - Level 6.7 Invocations
 * Level 7.4 Evocations


You had 20 spell levels left.
You knew the following spells:

 Your Spells              Type           Power        Failure   Level  Hunger
a - Ensorcelled Hibernat  Hex/Ice        ###...       1%          2    None
b - Corona                Hex            ####...      1%          1    None
c - Confuse               Hex            ####....     1%          3    ##.....
d - Dazzling Spray        Conj/Hex       ###.....     4%          3    ##.....


Dungeon Overview and Level Annotations

Branches:
Dungeon (15/15)            Temple (0/1) D:7            Lair (8/8) D:10
  Swamp (3/4) Lair:5        Snake (0/4) Lair:6        Slime (0/6) Lair:6
    Orc (2/2) D:10            Elf (0/3) Orc:2        Vaults (0/5) D:13
 Depths (0/5) D:15

Altars:
Ashenzari
Dithmenos
Elyvilon
Gozag
Makhleb
Nemelex Xobeh
Okawaru
Pakellas
Qazlal
Ru
Sif Muna
Trog
Vehumet
Zin
Jiyva

Shops:
D:4 [   D:5 }   D:6 %   Orc:2 [=}:

Annotations:
D:15 exclusion: orange crystal statue
Lair:7 exclusion: oklob plant IceCv exclusion: ice statue


Innate Abilities, Weirdness & Mutations

You are tiny and cannot use many weapons and most armour.
You have supernaturally acute eyesight.
You are a herbivore.
You cover ground extremely quickly.
You need consume almost no food.


Message History

Your skill with magical items lets you calculate the power of this device...
This wand has 13 charges left.
Found an ice covered gate leading back out of this place.
Unknown command.
Wear which item? (? for menu, Esc to quit)
You're already wearing that object!
Wear which item? (? for menu, Esc to quit)
Okay, then.
The Ice Fiend barely misses you. The Ice Fiend completely misses you.
Found four items.
Found a scratched sapphire ring and a pair of runed gloves.
The Ice Fiend gestures at you. The bolt of cold misses you.
You see here the +4 robe of Augmentation {Str+4 Int+4 Dex+4}.
y - the +4 robe of Augmentation {Str+4 Int+4 Dex+4} The Ice Fiend claws you!!
The Ice Fiend freezes you!! The Ice Fiend closely misses you.
You block the Ice Fiend's attack. The Ice Fiend claws you!
The Ice Fiend freezes you!!
You die...

##### ###|=[#
##.##|.# ##
####...#[=##.# #
#.#...Z#$.#.# ##
##.#.....1#.# .#
##.#..#.#.#@## .#
#.##Z## ##..# .##
##.######.#.#
..## ##.#..#.#..#
...#
#..#...#.∩..#
#..##
#...##.##..##
##..#
#.⌠###..##.#
##.####..###.##.#
#..# #####..# ##


You could see an Ice Fiend and an iron troll simulacrum (wandering).

Vanquished Creatures
  Gastronok (D:8)
  A thorn hunter (Swamp:3)
  A tengu reaver (D:11)
  An orc warlord (Orc:1)
  The ghost of braks the Frost Mage, a journeyman DrIE of Cheibriados (D:15)
  Maud (D:10)
  Nessos (Lair:7)
  An ettin (D:11)
  A minotaur (Lab)
  4 vault guards
  Josephine (D:13)
  An ice dragon (D:11)
  13 hydras
  Harold (Lair:3)
  A rakshasa (D:15)
  A death knight (D:14)
  A ghost crab (Swamp:3)
  2 centaur warriors (D:15)
  5 alligators
  2 tengu warriors (D:12)
  3 orc high priests (Orc:2)
  A death yak (Lair:4)
  Urug (D:12)
  A death drake (shapeshifter) (D:15)
  An unseen horror (D:13)
  A giant orange brain (D:15)
  8 hill giants
  2 shambling mangroves
  6 orc knights
  A phantasmal warrior (D:14)
  Pikel (D:6)
  2 swamp dragons
  A wolf spider zombie (D:15)
  2 griffons
  4 orc sorcerers
  An oklob plant (Lair:4)
  11 ugly things
  A salamander (shapeshifter) (D:15)
  4 deep elf magi
  A hornet (Swamp:2)
  3 cyclopes
  10 elephants
  3 centaur zombies
  3 black mambas
  2 gargoyles
  21 spiny frogs
  A torpor snail (Lair:4)
  6 komodo dragons
  The ghost of Yehuk the Covered, a novice DsFi of Ashenzari (D:5)
  3 rime drakes
  3 kobold demonologists (D:14)
  2 yaktaurs (D:15)
  A komodo dragon (shapeshifter) (D:14)
  7 ice devils (IceCv)
  4 freezing wraiths
  2 anaconda simulacra (IceCv)
  A golden dragon simulacrum (IceCv)
  A tengu conjurer (D:15)
  5 giant leeches (Lair:8)
  A polar bear (Lair:8)
  A two-headed ogre (D:14)
  33 blink frogs
  6 trolls
  2 bog bodies
  5 slime creatures
  A hornet zombie (D:15)
  3 shadows
  Sigmund (D:2)
  2 spriggans (Swamp:3)
  43 yaks
  4 wyverns
  A vampire (D:14)
  3 dire elephant simulacra (IceCv)
  7 wraiths
  5 basilisks
  A human (D:11)
  12 hippogriffs
  4 hungry ghosts
  18 vampire mosquitoes
  3 iron troll simulacra (IceCv)
  2 wargs
  2 death yak simulacra (IceCv)
  2 mottled dragons
  3 nagas (Lair:6)
  Edmund (D:5)
  7 hydra simulacra (IceCv)
  4 soldier ants
  8 swamp worms
  2 harpy simulacra (IceCv)
  11 water moccasins
  16 porcupines
  2 swamp drakes
  10 wasps
  2 slaves (D:6)
  4 ice beasts
  34 orc warriors
  3 black bears
  2 phantoms (D:11)
  A sky beast (D:15)
  12 centaurs
  2 necrophages
  8 ogres
  19 wolves
  3 big kobolds
  11 crocodiles
  Blork the orc (D:5)
  33 giant frogs
  An elf zombie (Ossuary)
  A gnoll sergeant (D:11)
  A wyvern zombie (D:13)
  A wyvern skeleton (D:14)
  3 scorpions
  5 killer bees (D:11)
  A swamp dragon simulacrum (IceCv)
  7 howler monkeys
  5 wights (D:9)
  7 electric eels
  7 crimson imps
  A giant frog zombie (D:13)
  3 draconian simulacra (IceCv)
  4 jellies
  15 orc priests
  5 centaur skeletons
  2 giant frog skeletons
  13 hounds
  A quasit (D:7)
  Crazy Yiuf (D:2)
  A human zombie (Ossuary)
  21 orc wizards
  10 iguanas
  11 worker ants
  A worker ant (shapeshifter) (D:13)
  A spriggan simulacrum (IceCv)
  2 troll simulacra (IceCv)
  17 sheep
  3 big kobold zombies (Ossuary)
  4 centaur simulacra (IceCv)
  2 hound zombies
  4 mummies
  A worker ant zombie (D:6)
  Robin (D:2)
  5 gnolls (D:11)
  2 naga simulacra (IceCv)
  2 ogre simulacra (IceCv)
  21 river rats
  5 adders
  2 shadow imps
  15 white imps
  9 ufetubi (IceCv)
  An ooze (D:4)
  4 adder skeletons
  An adder zombie (Ossuary)
  2 worms
  5 dart slugs
  4 giant geckos
  78 orcs
  7 giant cockroaches
  21 goblins
  7 hobgoblins
  8 jackals
  6 quokkas
  3 ball pythons
  2 bats (D:2)
  3 giant newts
  12 hobgoblin zombies
  2 jackal zombies (Ossuary)
  17 kobolds
  7 kobold zombies (Ossuary)
  11 orc zombies
  A quokka skeleton (D:6)
  5 rats
  2 rat zombies (Ossuary)
  2 plants (Lair:8)
969 creatures vanquished.

Vanquished Creatures (collateral kills)
  A killer bee (D:11)
1 creature vanquished.

Vanquished Creatures (others)
  An orc (D:6)
  A bush (Lair:8)
  48 fungi (Lair:8)
  46 plants
96 creatures vanquished.

Grand Total: 1066 creatures vanquished

Notes
Turn   | Place    | Note
--------------------------------------------------------------
     0 | D:1      | varam the Spriggan Enchanter began the quest for the Orb.
     0 | D:1      | Reached XP level 1. HP: 9/9 MP: 5/5
   146 | D:1      | Reached XP level 2. HP: 8/13 MP: 3/6
   260 | D:1      | Learned a level 2 spell: Ensorcelled Hibernation
   341 | D:1      | Reached skill level 5 in Stealth
  1229 | D:2      | Reached XP level 3. HP: 13/16 MP: 8/8
  1252 | D:2      | Noticed Crazy Yiuf
  1258 | D:2      | Killed Crazy Yiuf
  1258 | D:2      | Reached skill level 6 in Stealth
  1384 | D:2      | Found a sacrificial altar of Ru.
  1424 | D:2      | Reached XP level 4. HP: 18/21 MP: 9/9
  1470 | D:2      | Noticed Sigmund
  1475 | D:2      | Killed Sigmund
  1475 | D:2      | Reached skill level 7 in Stealth
  1475 | D:2      | Reached XP level 5. HP: 24/24 MP: 10/10
  1627 | D:2      | Noticed Robin
  1669 | D:2      | Reached skill level 8 in Stealth
  1970 | D:2      | Found an iron altar of Okawaru.
  1983 | D:2      | Killed Robin
  2009 | D:2      | Became a worshipper of Warmaster Okawaru
  2445 | D:2      | Reached XP level 6. HP: 28/28 MP: 11/11
  2966 | D:3      | Found an oddly glowing altar of Pakellas.
  3056 | D:3      | Found a shadowy altar of Dithmenos.
  3207 | D:3      | Found a glowing silver altar of Zin.
  3208 | D:3      | Found an opulent altar of Gozag.
  3646 | D:4      | Found Xoen's Antique Armour Emporium.
  3650 | D:4      | Bought a crude robe for 142 gold pieces
  3660 | D:4      | Identified the cursed -5 robe of Misfortune {-Cast *Contam *Tele EV-4 Str-2 Int-2 Dex-2 Stlth-- *Curse} (You bought it in a shop on level 4 of the Dungeon)
  4076 | D:4      | Found a stormy altar of Qazlal.
  4076 | D:4      | Found a bloodstained altar of Trog.
  4332 | D:5      | Entered Level 5 of the Dungeon
  4353 | D:5      | Noticed Edmund
  4356 | D:5      | Killed Edmund
  4356 | D:5      | Reached skill level 5 in Hexes
  4356 | D:5      | Reached XP level 7. HP: 32/32 MP: 14/14
  4392 | D:4      | Learned a level 3 spell: Confuse
  4396 | D:4      | Learned a level 3 spell: Dazzling Spray
  4549 | D:5      | Reached * piety under Okawaru
  4612 | D:5      | Noticed Yehuk's ghost (novice DsFi)
  4660 | D:5      | Found Piehiegy's Gadget Boutique.
  4667 | D:5      | Found a white marble altar of Elyvilon.
  4870 | D:5      | Noticed Blork the orc
  4878 | D:5      | Killed Blork the orc
  4891 | D:5      | Reached skill level 1 in Fighting
  4891 | D:5      | Reached XP level 8. HP: 28/37 MP: 13/15
  5006 | D:5      | Killed Yehuk's ghost
  5164 | D:6      | Reached ** piety under Okawaru
  5235 | D:6      | Found Opir's Food Shop.
  6093 | D:6      | Reached XP level 9. HP: 42/45 MP: 16/16
  6230 | D:6      | Noticed Pikel
  6242 | D:6      | Killed Pikel
  6242 | D:6      | Reached *** piety under Okawaru
  6242 | D:6      | Reached skill level 9 in Stealth
  6423 | D:7      | Found a burning altar of Makhleb.
  6510 | D:7      | Found a sparkling altar of Nemelex Xobeh.
  6580 | D:7      | Found a staircase to the Ecumenical Temple.
  6883 | D:8      | Found a sand-covered staircase.
  6890 | Ossuary  | Entered an ossuary
  7338 | Ossuary  | Reached skill level 10 in Stealth
  7470 | D:8      | Noticed a troll
  7473 | D:8      | Noticed Gastronok
  7502 | D:8      | Killed a troll
  7834 | D:8      | Reached skill level 11 in Stealth
  7870 | D:8      | Reached **** piety under Okawaru
  8073 | D:8      | Found a shattered altar of Ashenzari.
  8145 | D:8      | Found a radiant altar of Vehumet.
  8392 | D:9      | Found a deep blue altar of Sif Muna.
  8514 | D:9      | Reached XP level 10. HP: 49/49 MP: 17/17
  8516 | D:9      | Reached skill level 12 in Stealth
  8728 | D:9      | Reached skill level 5 in Spellcasting
  9597 | D:10     | Entered Level 10 of the Dungeon
  9890 | D:10     | Noticed Maud
  9947 | D:10     | Killed Maud
  9947 | D:10     | Reached skill level 5 in Fighting
 10351 | D:10     | Reached ***** piety under Okawaru
 10561 | D:10     | Found a staircase to the Orcish Mines.
 10656 | D:10     | Found a staircase to the Lair.
 11192 | D:11     | Noticed a gargoyle
 11202 | D:11     | Killed a gargoyle
 11202 | D:11     | Reached XP level 11. HP: 57/57 MP: 22/22
 11467 | D:11     | Found a runed door.
 11471 | D:11     | Noticed an ice dragon
 11473 | D:11     | Killed an ice dragon
 11473 | D:11     | Received a gift from Okawaru
 11482 | D:11     | Noticed a hill giant
 11485 | D:11     | Killed a hill giant
 11490 | D:11     | Noticed a hill giant
 11492 | D:11     | Killed a hill giant
 11494 | D:11     | Noticed an ettin
 11494 | D:11     | Noticed a tengu reaver
 11533 | D:11     | Killed a tengu reaver
 11533 | D:11     | Reached skill level 10 in Hexes
 11546 | D:11     | Killed an ettin
 11597 | D:11     | Reached skill level 10 in Short Blades
 11868 | D:11     | Noticed a hill giant
 12057 | D:11     | Reached skill level 13 in Stealth
 12589 | D:11     | Killed a hill giant
 12692 | D:12     | Reached skill level 10 in Dodging
 12783 | D:12     | Noticed Urug
 12807 | D:12     | Killed Urug
 12807 | D:12     | Received a gift from Okawaru
 12807 | D:12     | Reached XP level 12. HP: 63/63 MP: 22/23
 13366 | D:13     | Noticed a tengu warrior
 13368 | D:13     | Noticed a tengu warrior
 13432 | D:12     | Killed a tengu warrior
 13523 | D:12     | Killed a tengu warrior
 13574 | D:13     | Received a gift from Okawaru
 13847 | D:13     | Noticed Josephine
 14684 | D:13     | Noticed a vault guard
 14798 | D:13     | Reached skill level 14 in Stealth
 14815 | D:13     | Noticed a vault guard
 14867 | D:13     | Noticed a vault guard
 14895 | D:13     | Killed a vault guard
 15230 | D:13     | Killed a vault guard
 15453 | D:13     | Received a gift from Okawaru
 15782 | D:13     | Killed Josephine
 15782 | D:13     | Reached skill level 15 in Stealth
 15823 | D:13     | Noticed a vault guard
 15841 | D:13     | Killed a vault guard
 15934 | D:13     | Noticed a seven-headed hydra
 15942 | D:13     | Killed a seven-headed hydra
 15942 | D:13     | Reached XP level 13. HP: 70/70 MP: 14/24
 16001 | D:13     | Found a gate to the Vaults.
 16343 | D:14     | Reached skill level 16 in Stealth
 16909 | Lair:1   | Entered Level 1 of the Lair of Beasts
 16916 | Lair:1   | Got an ebony war axe
 17095 | Lair:1   | Found a labyrinth entrance.
 17100 | Lab      | Entered a labyrinth
 17462 | Lab      | Noticed a minotaur
 17466 | Lab      | Killed a minotaur
 17468 | Lab      | Got an ancient ivory amulet
 17471 | Lab      | Identified the amulet "Seer" {Inacc rElec rC- Int+3} (You found it in a labyrinth)
 17516 | Lair:1   | Reached ****** piety under Okawaru
 17516 | Lair:1   | Reached skill level 10 in Fighting
 17516 | Lair:1   | Reached skill level 17 in Stealth
 18455 | Lair:2   | Got a shimmering hand axe
 18456 | Lair:2   | Identified the +4 hand axe "varam's Doom" {chop, *Rage rN+ SInv} (You found it on level 2 of the Lair of Beasts)
 19168 | Lair:3   | Noticed Harold
 19174 | Lair:3   | Killed Harold
 19174 | Lair:3   | Received a gift from Okawaru
 19232 | Lair:3   | Reached skill level 18 in Stealth
 20165 | Lair:4   | Found a white marble altar of Elyvilon.
 20172 | Lair:4   | Reached skill level 19 in Stealth
 20998 | Lair:4   | Reached XP level 14. HP: 77/77 MP: 25/25
 21844 | Lair:5   | Reached skill level 20 in Stealth
 22319 | Lair:5   | Found a staircase to the Swamp.
 23057 | Lair:6   | Received a gift from Okawaru
 23674 | Lair:6   | You fall through a shaft for 2 floors!
 23674 | Lair:8   | Entered Level 8 of the Lair of Beasts
 23698 | Lair:7   | Reached skill level 21 in Stealth
 23931 | Lair:7   | Received a gift from Okawaru
 24223 | Lair:7   | Noticed Nessos
 24892 | Lair:6   | Reached skill level 22 in Stealth
 24916 | Lair:6   | Found a viscous altar of Jiyva.
 24916 | Lair:6   | Found a staircase to the Slime Pits.
 24938 | Lair:6   | Found a staircase to the Snake Pit.
 25264 | Lair:7   | Killed Nessos
 26162 | Lair:8   | Reached skill level 23 in Stealth
 26794 | Lair:8   | Received a gift from Okawaru
 27206 | Lair:8   | Reached XP level 15. HP: 67/81 MP: 22/26
 27360 | Lair:8   | Reached skill level 24 in Stealth
 28691 | Orc:1    | Entered Level 1 of the Orcish Mines
 28985 | Orc:1    | Received a gift from Okawaru
 29358 | Orc:2    | Entered Level 2 of the Orcish Mines
 29364 | Orc:2    | Found a staircase to the Elven Halls.
 29367 | Orc:2    | Noticed an orc warlord
 29988 | Orc:1    | Killed an orc warlord
 29988 | Orc:1    | Reached skill level 25 in Stealth
 30565 | Orc:2    | Found Juen's Book Emporium.
 30565 | Orc:2    | Found Nyagg's Gadget Emporium.
 31166 | Orc:2    | Received a gift from Okawaru
 31307 | Orc:2    | Found Xaitt's Jewellery Shop.
 31309 | Orc:2    | Found Liunam's Armour Shop.
 31484 | D:8      | Killed Gastronok
 31715 | D:14     | Reached skill level 26 in Stealth
 32357 | D:14     | Found a stormy altar of Qazlal.
 32537 | D:15     | Entered Level 15 of the Dungeon
 32588 | D:15     | Reached skill level 1 in Invocations
 32649 | D:15     | Noticed braks's ghost (journeyman DrIE)
 32688 | D:15     | Killed braks's ghost
 32876 | D:15     | Found a staircase to the Depths.
 33121 | D:15     | Received a gift from Okawaru
 33579 | Lair:1   | Gained mutation: You are agile. (Dex +2) [potion of mutation]
 33579 | Lair:1   | Gained mutation: Your body sometimes deteriorates upon taking damage. [potion of mutation]
 33580 | Lair:1   | Gained mutation: Your body often deteriorates upon taking damage. [potion of mutation]
 33580 | Lair:1   | Gained mutation: You are partially covered in molten scales (AC +1). [potion of mutation]
 33581 | Lair:1   | Lost mutation: Your body often deteriorates upon taking damage. [potion of cure mutation]
 33581 | Lair:1   | Lost mutation: You are agile. (Dex +2) [potion of cure mutation]
 33582 | Lair:1   | Lost mutation: You are partially covered in molten scales (AC +1). [potion of cure mutation]
 33582 | Lair:1   | Lost mutation: Your body sometimes deteriorates upon taking damage. [potion of cure mutation]
 33583 | Lair:1   | Gained mutation: Your muscles are strong. (Str +2) [potion of mutation]
 33583 | Lair:1   | Gained mutation: You are dopey. (Int -2) [potion of mutation]
 33584 | Lair:1   | Lost mutation: You are dopey. (Int -2) [potion of cure mutation]
 33584 | Lair:1   | Lost mutation: Your muscles are strong. (Str +2) [potion of cure mutation]
 33732 | Swamp:1  | Entered Level 1 of the Swamp
 33871 | Swamp:1  | Reached skill level 1 in Evocations
 33949 | Swamp:1  | Reached XP level 16. HP: 86/86 MP: 27/27
 34500 | Swamp:1  | You fall through a shaft!
 34583 | Swamp:1  | Reached skill level 5 in Invocations
 34893 | Swamp:2  | Received a gift from Okawaru
 35520 | Swamp:3  | Reached skill level 5 in Evocations
 35532 | Swamp:3  | Reached skill level 27 in Stealth
 35577 | Swamp:3  | Noticed a thorn hunter
 35593 | Swamp:3  | Killed a thorn hunter
 35772 | Swamp:3  | Found a frozen archway.
 35971 | IceCv    | Entered an ice cave
 36933 | IceCv    | Received a gift from Okawaru
 36937 | IceCv    | Got a polished hat {god gift}
 36951 | IceCv    | Identified the +0 hat "Woubej" {rN+ Int-5 Stlth+} (Okawaru gifted it to you in an ice cave)
 37023 | IceCv    | Noticed an Ice Fiend
 38746 | IceCv    | Slain by an Ice Fiend

Vault maps used:
D:1:      dpeg_arrival_arbitrary_a
D:2:      nicolae_ru_great_annihilating_truth, okawaru_metal_pillars_1_2,
          hangedman_decor_clover_reticule, uniq_sigmund,
          uniq_crazy_yiuf_cottage, uniq_robin
D:3:      grunt_temple_overflow_gold_and_silver,
          grunt_dithmenos_smoke_and_mirrors, grunt_pakellas_salt
D:4:      gammafunk_temple_overflow_pools, serial_shops, shop, first_bread,
          st_stairs_8, eino_small_chamber_without_monster
D:5:      elyvilon_altar_5, serial_shops, nicolae_shop_behind_doors,
          minmay_mini_ossuary, uniq_blork_the_orc, uniq_edmund
D:6:      serial_shops, shop, uniq_pikel
D:7:      lemuel_round_altar, nicolae_overflow_hidden_temple,
          minmay_temple_entry_glassed_door
D:8:      old_standard_altar, lemuel_crystal_altar, gup_ossuary_entry_pyramid,
          uniq_gastronok
D:9:      kennysheep_mini
D:10:     erik_lair_island, hiddenorc1_lemuel, uniq_maud
D:11:     grunt_livestock, minivault_13
D:12:     uniq_urug
D:13:     lightli_vaults_fourway_checkpoint, uniq_josephine
D:14:     minmay_misc_feat_tiny, grunt_qazlal_clouds
D:15:     gammafunk_enter_depths_forms, corexii_corridor_pit, minivault_16
Lair:1:   lab_entry_generic, beast_lair_carwin_1
Lair:3:   eino_small_chamber_without_monster, grunt_megastairs_5, uniq_harold
Lair:4:   lemuel_oklob_altar
Lair:5:   swamp_mist
Lair:6:   guppyfry_snake_entry_garden, slime_altar_1,
          nicolae_quartered_pool_little
Lair:7:   minmay_lair_oklob_bushes, uniq_nessos
Lair:8:   minmay_lair_end_frog_pond, nicolae_volcano_entry_lava_flow,
          small_statue_intersection
Swamp:1:  evilmike_swamp_ruin_house_3
Swamp:2:  nicolae_swamp_trees_clearing
Swamp:3:  portal_ice_cave_entry_imps, hangedman_swamp_ruin_wall
Orc:1:    serial_shops, shop, basic_altar, sword_in_stone
Orc:2:    st_orc_elflike, amalloy_card_club
Lab:      nicolae_lab_lava, nicolae_lab_checkerboard, labyrinth_skeletal_remains
Ossuary:  ossuary_tomb_1
IceCv:    ice_cave_caverns_01

Skill      XL: |  1  2  3  4  5  6  7  8  9 10 11 12 13 14 15 16 |
---------------+-------------------------------------------------+-----
Stealth        | 5 6 7 8 11 12 13 15 19 23 26 27 | 27.0
Short Blades   | 2 4 8 10 | 10.1
Spellcasting   | 4 7 |  7.3
Hexes          | 5 8 10 | 10.5
Fighting       | 1 4 6 7 8 10 | 10.3
Dodging        | 4 8 10 14 | 14.0
Invocations    | 4 6 |  6.7
Evocations     | 1 7 |  7.4

Action                   |  1- 3 |  4- 6 |  7- 9 | 10-12 | 13-15 | 16-18 || total
-------------------------+-------+-------+-------+-------+-------+-------++-------
Melee: Dagger            |    74 |    96 |   428 |   600 |   467 |       ||  1665
       Quick blade       |       |       |       |       |  1563 |   316 ||  1879
 Cast: Corona            |     6 |       |       |       |       |       ||     6
       Ensorcelled Hiber |    15 |    20 |    16 |    53 |    72 |     4 ||   180
       Confuse           |       |       |   111 |   207 |   313 |    51 ||   682
       Dazzling Spray    |       |       |       |    13 |    22 |    12 ||    47
Invok: Heroism           |       |       |       |     2 |       |     1 ||     3
 Abil: Evoke Invisibilit |     1 |     2 |       |       |     4 |     3 ||    10
Evoke: Wand              |       |       |       |     2 |     1 |     4 ||     7
       Sack of spiders   |       |       |       |       |       |     3 ||     3
       Rod               |       |       |       |       |       |     2 ||     2
  Use: Scroll            |     4 |     3 |     3 |     8 |    22 |     2 ||    42
       Potion            |       |       |       |       |     6 |     1 ||     7
 Stab: Sleeping          |    22 |    36 |    31 |    49 |   183 |    26 ||   347
       Invisible         |     2 |     7 |       |     3 |     3 |    11 ||    26
       Confused          |       |       |    47 |   102 |   174 |    16 ||   339
       Distracted        |       |       |       |     3 |    12 |     5 ||    20
  Eat: Bread ration      |       |     1 |     2 |     2 |     3 |       ||     8
       Pizza             |       |       |     1 |       |     2 |       ||     3
       Royal jelly       |       |       |       |     1 |       |       ||     1
       Fruit             |       |       |       |       |     9 |     6 ||    15
Armor: Robe              |     2 |    12 |    36 |    22 |       |       ||    72
       Animal skin       |       |       |       |       |    50 |    16 ||    66
Dodge: Dodged            |    41 |    58 |   269 |   227 |   724 |   126 ||  1445
Block: Other             |       |       |       |     8 |       |       ||     8
       Buckler           |       |       |       |    91 |   308 |    59 ||   458
       Reflection        |       |       |       |     2 |       |       ||     2
